AoeStats
← spy guy

Socotra

506746829Analyzed
3v3 RM · 17d ago on Sep 14, 2026· 38m 2s· 6 players
Game mode
Random Map
Map size
128×128
Population
200
Speed
Normal
Resources
Standard
Victory
Conquest
Starting age
Dark Age
Ending age
Imperial Age
RankedLock teamsTeams togetherTeam positionsShared explorationLock speedFull tech treeHidden civsTurbo modeCheats
Victory
Defeat
🇬🇧 Hindustanis · United Kingdom
1395
+12
🇬🇧 Aztecs · United Kingdom
1310
+16
🇬🇧 Spanish · United Kingdom
1086
+55
🇺🇸 Georgians · United States
1303
-18
🇺🇸 Poles · United States
1301
-18
🇨🇦 Britons · Canada
1296
-17
tomtom>W<
1:58 Loom
15:00 Feudal Age
15:23 Man-at-Arms
16:03 Double-Bit Axe
16:00 Horse Collar
17:05 Arson
22:23 Castle Age
22:23 Bloodlines
22:19 Scale Barding Armor
22:34 Gold Mining
22:58 Forging
28:25 Wheelbarrow
27:35 Town Watch
29:31 Bow Saw
33:28 Hand Cart
34:28 Husbandry
36:01 Stone Mining
40:18 Imperial Age
37:14 Light Cavalry
spy guy
8:24 Loom
11:32 Feudal Age
17:00 Castle Age
14:51 Horse Collar
14:58 Double-Bit Axe
17:19 Wheelbarrow
17:25 Wheelbarrow
19:55 Gold Mining
21:26 Bow Saw
24:18 Gold Shaft Mining
24:05 Heavy Plow
24:42 Fletching
25:51 Stone Mining
26:23 Hand Cart
26:13 Town Watch
29:30 Imperial Age
26:46 Gambesons
26:28 Eagle Warrior
27:12 Scale Mail Armor
27:54 Forging
27:47 Squires
28:13 Forging
27:52 Arson
28:33 Gambesons
29:10 Chain Mail Armor
29:36 Iron Casting
29:42 Elite Eagle Warrior
31:30 Conscription
31:54 Plate Mail Armor
32:36 Blast Furnace
38:01 Garland Wars
In TRUSH we trust (washed)
2:38 Loom
6:41 Loom
9:52 Feudal Age
10:38 Man-at-Arms
14:23 Double-Bit Axe
21:28 Castle Age
22:41 Padded Archer Armor
28:58 Town Watch
29:49 Fletching
32:14 Bodkin Arrow
Joostin
7:06 Loom
9:27 Feudal Age
11:40 Double-Bit Axe
14:03 Horse Collar
18:07 Scale Barding Armor
19:02 Wheelbarrow
21:58 Castle Age
20:01 Gold Mining
20:55 Forging
22:05 Bloodlines
22:09 Light Cavalry
22:50 Husbandry
23:22 Bow Saw
24:15 Chain Barding Armor
28:50 Iron Casting
28:08 Fletching
32:49 Imperial Age
30:41 Heavy Plow
34:11 Plate Barding Armor
Boptervic
7:04 Loom
9:44 Feudal Age
11:40 Double-Bit Axe
14:48 Horse Collar
20:38 Castle Age
19:05 Gold Mining
19:52 Fletching
23:34 Bow Saw
23:28 Heavy Plow
23:08 Crossbowman
24:04 Bodkin Arrow
27:18 Gold Shaft Mining
28:45 Wheelbarrow
27:55 Town Watch
28:50 Stone Mining
30:58 Ballistics
32:54 Man-at-Arms
33:19 Gambesons
33:35 Squires
36:37 Imperial Age
34:22 Long Swordsman
Smithers
3:10 Loom
14:17 Feudal Age
15:00 Double-Bit Axe
14:57 Horse Collar
18:32 Forging
25:31 Castle Age
23:34 Gold Mining
24:11 Scale Barding Armor
24:48 Fletching
31:33 Scale Mail Armor
32:09 Iron Casting
31:37 Stone Mining
32:14 Bodkin Arrow
32:53 Bow Saw
32:45 Heavy Plow
33:36 Bloodlines
34:26 Chain Barding Armor
Connection lost

Rejoining the realm…

Still unreachable

The connection could not be restored.

Session expired

The server has moved on; the page needs a fresh start.